 Dungeon Crawl Stone Soup version 0.20.1-1-g8b1a95d (webtiles) character file.

4818 Jeelzebub the Nimble (level 10, 0/70 (71) HPs)
             Began as an Octopode Transmuter on Aug 17, 2017.
             Was an Initiate of Gozag.
             Slain by a troll (11 damage)
             ... on level 9 of the Dungeon.
             The game lasted 00:19:41 (11268 turns).

Jeelzebub the Nimble (Octopode Transmuter)         Turns: 11268, Time: 00:19:41

HP:   0/70 (71)     AC:  2    Str: 10      XL:     10   Next: 48%
MP:   23/25         EV: 30    Int: 16 (19) God:    Gozag
Gold: 753           SH:  0    Dex: 21      Spells: 13/17 levels left

rFire    + . .     SeeInvis .     - Unarmed
rCold    + . .     Gourm    .   (shield currently unavailable)
rNeg     . . .     Faith    .   (helmet currently unavailable)
rPois    x         Spirit   .   y - amulet of regeneration
rElec    .         Reflect  .   m - +4 ring of dexterity
rCorr    .         Harm     .   v - +1 ring of evasion
MR       .....                  H - ring of protection from cold
Stlth    ++++......             J - ring of magical power
Regen    0.7/turn               K - ring of protection from fire
MPRegen  0.2/turn               (no ring)
                                (no ring)
                                (no ring)

@: spider-form, very slightly contaminated
A: almost no armour, stealthy swim, (amphibious), 8 rings, (constrict 8)
a: End Transformation, Potion Petition, Call Merchant, Bribe Branch, Renounce
Religion


You were on level 9 of the Dungeon.
You worshipped Gozag.
Gozag was pleased with you.
You were not hungry.
You were a venomous arachnid creature.
You visited 2 branches of the dungeon, and saw 10 of its levels.

You collected 853 gold pieces.
You paid 100 gold pieces to Gozag.

Inventory:

Hand Weapons
 E - the +6 great sword of Resourcefulness (melded) {holy, +Inv Dex+2}
   (You found it on level 7 of the Dungeon)

   It has been blessed by the Shining One to cause great damage to the undead
   and demons.
   It affects your dexterity (+2).
   It lets you turn invisible.
Missiles
 a - 166 arrows
Jewellery
 m - a +4 ring of dexterity (left front leg)
 p - an uncursed amulet of rage
 u - an uncursed ring of teleportation
 v - a +1 ring of evasion (right front leg)
 w - an uncursed ring of ice
 x - an uncursed amulet of the gourmand
 y - an amulet of regeneration (around neck)
 H - a ring of protection from cold (on tentacle)
 J - a ring of magical power (on tentacle)
 K - a ring of protection from fire (on tentacle)
 L - an uncursed ring of protection from fire
Wands
 D - a wand of lightning (11/15)
 M - a wand of lightning (7/15)
Scrolls
 d - a scroll of recharging
 e - 2 scrolls of amnesia {unknown}
 h - a scroll of random uselessness {unknown}
 i - 2 scrolls of identify
 j - 2 scrolls of blinking {unknown}
 k - 6 scrolls of remove curse
 n - 3 scrolls of fog {unknown}
 o - 3 scrolls of fear {unknown}
 q - 2 scrolls of enchant armour {unknown}
 t - 2 scrolls of immolation {unknown}
 C - 2 scrolls of teleportation
 G - 2 scrolls of noise {unknown}
Potions
 g - 5 potions of curing
 l - a potion of brilliance {unknown}
 r - a potion of mutation {unknown}
 B - a potion of heal wounds
 I - a potion of agility
Books
 b - a book of Changes

   Spells                             Type                      Level
   a - Beastly Appendage              Transmutation                1
   b - Sticks to Snakes               Transmutation                2
   c - Spider Form                    Transmutation/Poison         3
   d - Ice Form                       Ice/Transmutation            4
   e - Blade Hands                    Transmutation                5
 f - a book of Maledictions

   Spells                             Type                      Level
   a - Corona                         Hexes                        1
   b - Ensorcelled Hibernation        Hexes/Ice                    2
   c - Confuse                        Hexes                        3
   d - Tukima's Dance                 Hexes                        3
   e - Dazzling Spray                 Conjuration/Hexes            3
 s - Sif Muna's Compendium of Enchantment
   (You found it on level 3 of the Dungeon)

   Spells                             Type                      Level
   a - Corona                         Hexes                        1
Comestibles
 c - 7 bread rations
 z - 4 fruits
 A - 3 royal jellies
 F - 4 meat rations


   Skills:
 + Level 7.1 Fighting
 - Level 8.1 Dodging
 - Level 6.0 Stealth
 - Level 5.1 Unarmed Combat
 - Level 4.0 Spellcasting
 - Level 4.0 Transmutations
 - Level 6.3 Poison Magic
 - Level 5.0 Evocations


You had 13 spell levels left.
You knew the following spells:

 Your Spells              Type           Power        Failure   Level  Hunger
a - Beastly Appendage     Tmut           ###...       11%         1    None
b - Spider Form           Tmut/Pois      ###.......   17%         3    ###....


Dungeon Overview and Level Annotations

Branches:
Dungeon (9/15)             Temple (1/1) D:6
   Lair: D:8-11         Orc: D:9-12

Altars:
Ashenzari
Cheibriados
Dithmenos
Fedhas
Gozag
Hepliaklqana
Kikubaaqudgha
Makhleb
Nemelex Xobeh
Okawaru
Qazlal
Ru
Sif Muna
Uskayaw
Vehumet
Xom
Zin
The Shining One

Shops:
D:4 :


Innate Abilities, Weirdness & Mutations

You cannot wear most types of armour.
You are very stealthy in the water. (Stealth+)
((You are amphibious.))
You can wear up to eight rings at the same time.
((You can use your tentacles to constrict eight enemies at once.))
((Your skin changes colour to match your surroundings (Stealth+).))
((Your rubbery body absorbs attacks. (AC +1, EV +1)))


Message History

You barely miss the troll.
The troll is heavily wounded.
The howler monkey completely misses you.
The troll completely misses you. The troll misses you.
The troll barely misses you.
You barely miss the troll.
The troll is severely wounded.
The howler monkey barely misses you. The troll completely misses you.
The troll barely misses you. The troll misses you.
You hit the troll but do no damage.
The troll is severely wounded.
The howler monkey hits you. The troll bites you!
* * * LOW HITPOINT WARNING * * *
The troll claws you!
* * * LOW HITPOINT WARNING * * *
The troll completely misses you.
The howler monkey hoots and howls with incredible vigour!
The troll completely misses you. The troll misses you. The troll claws you!
You die...
Your body crumbles into a pile of gold.

............#..##.......#
##########..#.###.......#
#######..#.# #.......#
#........#.# #.......#
#.######.#.###########
#.# #)..##.....# ##.#
#.####h....# #..######.##
#.T...#
##.#........###s..<.#
.#..#......#.....<...#
.....................#
#.........####.#.....#
....#.....# #.#.....#
###.#>....# #...#####
#.......# ###.. ###.....#
... ####.#######...%.


You could see a troll and a howler monkey.

Vanquished Creatures
  A two-headed ogre (D:9)
  A slime creature (D:5)
  A wyvern (D:8)
  A hungry ghost (D:8)
  2 orc warriors
  3 sky beasts
  3 ogres
  A black bear (D:5)
  A necrophage (D:8)
  2 ice beasts
  A centaur (D:5)
  A phantom (D:5)
  4 big kobolds
  4 bullfrogs
  3 scorpions
  2 howler monkeys (D:4)
  2 crimson imps
  A centaur zombie (D:6)
  A quasit (D:8)
  4 hounds
  14 jellies
  4 centaur skeletons
  5 orc priests
  5 orc wizards
  A bullfrog skeleton (D:8)
  An iguana (D:5)
  6 worker ants
  A killer bee zombie (D:5)
  A hound skeleton (D:8)
  11 gnolls
  A howler monkey skeleton (D:4)
  11 adders
  A shadow imp (D:6)
  16 oozes
  3 adder skeletons
  2 worms
  6 dart slugs
  9 leopard geckos
  20 orcs
  9 bats
  6 giant cockroaches
  5 hobgoblins
  8 jackals
  A quokka (D:9)
  2 ball pythons
  4 frilled lizards
  11 goblins
  20 kobolds
  A quokka skeleton (D:7)
  3 rats
227 creatures vanquished.

Vanquished Creatures (others)
  A jelly (D:7)
  13 fungi
  10 toadstools (D:5)
24 creatures vanquished.

Grand Total: 251 creatures vanquished

Notes
Turn   | Place    | Note
-------+----------+-------------------------------------------
     0 | D:1      | Jeelzebub the Octopode Transmuter began the quest for the Orb.
     0 | D:1      | Reached XP level 1. HP: 13/13 MP: 3/3
   181 | D:1      | Reached XP level 2. HP: 18/18 MP: 5/5
   935 | D:1      | Reached XP level 3. HP: 23/23 MP: 6/6
  1669 | D:2      | Learned a level 3 spell: Spider Form
  1684 | D:2      | Found a glowing silver altar of Zin.
  1809 | D:2      | Reached skill level 1 in Poison Magic
  1809 | D:2      | Reached XP level 4. HP: 7/28 MP: 5/7
  2544 | D:2      | Found a glowing golden altar of the Shining One.
  2842 | D:3      | Found a radiant altar of Vehumet.
  3025 | D:3      | Found an ancient bone altar of Kikubaaqudgha.
  3026 | D:3      | Found a deep blue altar of Sif Muna.
  3037 | D:3      | Identified Sif Muna's Compendium of Enchantment
  3053 | D:3      | Became a worshipper of Sif Muna the Loreminder
  3253 | D:4      | Noticed an ogre
  3274 | D:4      | Reached XP level 5. HP: 33/33 MP: 5/8
  3282 | D:4      | Killed an ogre
  3282 | D:4      | Reached skill level 5 in Poison Magic
  3282 | D:4      | Reached XP level 6. HP: 13/38 MP: 6/9
  3714 | D:4      | HP: 1/38 [hound (2)]
  4215 | D:4      | Reached * piety under Sif Muna
  4281 | D:4      | Found Deivugh's Book Shop.
  4749 | D:5      | Entered Level 5 of the Dungeon
  4757 | D:5      | Reached skill level 3 in Dodging
  4867 | D:5      | Reached XP level 7. HP: 43/43 MP: 7/10
  5006 | D:5      | Reached skill level 4 in Dodging
  5051 | D:5      | Reached skill level 5 in Dodging
  5205 | D:5      | Noticed a slime creature
  5205 | D:5      | Noticed a slime creature
  5302 | D:5      | Reached skill level 6 in Dodging
  5306 | D:5      | Reached XP level 8. HP: 23/48 MP: 8/11
  6189 | D:5      | Reached skill level 7 in Dodging
  6646 | D:5      | Reached skill level 8 in Dodging
  6847 | D:5      | Reached skill level 1 in Stealth
  7888 | D:6      | Reached skill level 5 in Stealth
  7909 | D:5      | Reached XP level 9. HP: 30/53 MP: 8/12
  8293 | D:7      | Found a shadowy altar of Dithmenos.
  8373 | D:7      | Got a crystal great sword
  8374 | D:7      | Identified the +6 great sword of Resourcefulness {holy, +Inv Dex+2} (You found it on level 7 of the Dungeon)
  8385 | D:7      | Reached skill level 5 in Unarmed Combat
  8467 | D:7      | Reached skill level 1 in Evocations
  8761 | D:7      | Found a sparkling altar of Nemelex Xobeh.
  8762 | D:7      | Found an opulent altar of Gozag.
  8936 | D:7      | Fell from the grace of Sif Muna
  8936 | D:7      | Became a worshipper of Gozag Ym Sagoz the Greedy
  8972 | D:6      | Found a shadowy altar of Dithmenos.
  9203 | D:6      | Found a staircase to the Ecumenical Temple.
  9265 | Temple   | Entered the Ecumenical Temple
  9414 | D:6      | Reached skill level 5 in Evocations
  9835 | D:6      | Found a burning altar of Makhleb.
 10092 | D:8      | Reached XP level 10. HP: 63/63 MP: 12/16
 10317 | D:8      | Found a burning altar of Makhleb.
 10697 | D:8      | Reached skill level 5 in Fighting
 11118 | D:9      | Noticed a two-headed ogre
 11138 | D:9      | Killed a two-headed ogre
 11268 | D:9      | Slain by a troll

Skill      XL: |  1  2  3  4  5  6  7  8  9 10 |
---------------+-------------------------------+-----
Transmutations | 3 4 |  4.0
Poison Magic   | 1 3 5 6 |  6.3
Dodging        | 3 6 8 |  8.1
Stealth        | 6 |  6.0
Unarmed Combat | 5 |  5.1
Evocations     | 5 |  5.0
Spellcasting   | 4 |  4.0
Fighting       | 3 7 |  7.1

Action                   |  1- 3 |  4- 6 |  7- 9 | 10-12 || total
-------------------------+-------+-------+-------+-------++-------
Melee: Unarmed           |   105 |   128 |   481 |    68 ||   782
       Constrict         |    32 |    12 |     5 |     5 ||    54
       Tentacles         |    17 |    12 |    11 |     5 ||    45
       Punch             |     2 |     1 |     1 |     3 ||     7
       Kick              |     3 |       |       |       ||     3
       Great sword       |       |       |    22 |    27 ||    49
 Cast: Beastly Appendage |     3 |       |       |       ||     3
       Spider Form       |       |    14 |    61 |     9 ||    84
 Abil: Evoke Berserk Rag |       |     1 |       |       ||     1
       Evoke Invisibilit |       |       |       |     2 ||     2
  Use: Scroll            |       |     3 |     2 |       ||     5
       Potion            |       |       |     4 |       ||     4
 Stab: Sleeping          |     6 |     4 |     8 |     5 ||    23
       Distracted        |       |       |     1 |       ||     1
  Eat: Chunk             |     3 |     7 |    20 |       ||    30
       Meat ration       |       |     1 |       |       ||     1
       Bread ration      |       |       |     2 |     1 ||     3
Armor: Skin              |    14 |    12 |     7 |     2 ||    35
Dodge: Dodged            |    74 |    90 |   539 |   107 ||   810
       Rpst.: Great sword |       |       |     7 |     6 ||    13
